[ PARTIDA AOE2 · #484847315 ]
UnrankedLituanos vs Sicilians
Equipo del jugador · DERR
[ ANÁLISIS DE REPETICIÓN · EXTRAÍDO DE LA PARTIDA GRABADA ]
Feudal
10:34
Castillos
25:44
Imperial
—
| APM promedio | 28.7 |
| APM pico | 61 |
| eAPM promedio | 13.9 |
| Aldeanos / militares | 40 / 23 |
Foco
⚔️ 20.9% · 🌾 79.1%
Militia ×22 · Knight ×1
Feudal
9:53
Castillos
26:09
Imperial
—
| APM promedio | 24.1 |
| APM pico | 67 |
| eAPM promedio | 13.2 |
| Aldeanos / militares | 54 / 36 |
Foco
⚔️ 31.3% · 🌾 68.7%
Serjeant ×36
Mapa de la partida
Recursos iniciales + cada clic de construcción. Líneas = muros · curvas = relieve. ◆ oro · ⬟ piedra · ● bayas · ✦ reliquia · ◌ hueco del cierre
Tu base· Abierta — flanco sin cerrar
Base de GarbanzoSantanderianopeek· Abierta — flanco sin cerrar
Terreno inicial suavizado · ◌ = hueco del cierre detectado · pasá el cursor para detalles
Inputs por minuto
— agusgm - - GarbanzoSantanderianopeek
Build order — agusgm
127 acciones detectadas en el replay
| 0:00 | Crear | Villager (Male) |
| 0:02 | Construir | House |
| 0:04 | Construir | House |
| 0:13 | Crear | Villager (Male) |
| 0:13 | Crear | Villager (Male) |
| 0:14 | Crear | Villager (Male) |
| 0:14 | Crear | Villager (Male) |
| 0:31 | Crear | Villager (Male) |
| 1:29 | Crear | Villager (Male) |
| 2:00 | Construir | Lumber Camp |
| 2:01 | Crear | Villager (Male) |
| 2:02 | Crear | Villager (Male) |
| 2:18 | Crear | Villager (Male) |
| 2:48 | Crear | Villager (Male) |
| 3:02 | Crear | Villager (Male) |
| 3:34 | Construir | House |
| 3:35 | Construir | House |
| 3:39 | Crear | Villager (Male) |
| 3:51 | Crear | Villager (Male) |
| 4:24 | Crear | Villager (Male) |
| 4:30 | Construir | Palisade Wall |
| 5:06 | Construir | Mill |
| 5:25 | Crear | Villager (Male) |
| 6:12 | Crear | Villager (Male) |
| 6:33 | Crear | Villager (Male) |
| 6:55 | Crear | Villager (Male) |
| 7:14 | Crear | Villager (Male) |
| 7:32 | Crear | Villager (Male) |
| 7:35 | Crear | Villager (Male) |
| 7:43 | Investigar | Loom |
| 8:06 | Construir | Mining Camp |
| 8:24 | Investigar | Feudal Age |
| 9:08 | Construir | Barracks |
| 9:09 | Construir | House |
| 10:34 | Edad | Edad Feudal |
| 10:41 | Investigar | Horse Collar |
| 10:42 | Investigar | Double-Bit Axe |
| 10:49 | Crear | Militia |
| 10:49 | Crear | Militia |
| 10:49 | Crear | Militia |
| 11:09 | Crear | Militia |
| 11:10 | Crear | Militia |
| 11:12 | Construir | House |
| 11:17 | Construir | Blacksmith |
| 11:21 | Crear | Villager (Male) |
| 11:33 | Investigar | Arson |
| 11:59 | Construir | Mining Camp |
| 12:02 | Investigar | Gold Mining |
| 12:03 | Crear | Villager (Male) |
| 12:10 | Construir | Farm |
| 12:11 | Construir | Farm |
| 13:03 | Investigar | Man-at-Arms (upgrade) |
| 13:06 | Crear | Villager (Male) |
| 13:11 | Crear | Villager (Male) |
| 13:13 | Construir | Farm |
| 13:16 | Construir | Farm |
| 13:19 | Construir | House |
| 13:19 | Investigar | Forging |
| 13:28 | Crear | Militia |
| 13:32 | Construir | Farm |
| 13:47 | Crear | Villager (Male) |
| 13:53 | Construir | Farm |
| 13:58 | Construir | Farm |
| 14:10 | Crear | Militia |
| 14:22 | Construir | House |
| 14:27 | Crear | Militia |
| 14:42 | Construir | Farm |
| 14:44 | Construir | Farm |
| 15:00 | Crear | Militia |
| 15:04 | Construir | House |
| 15:07 | Construir | Palisade Wall |
| 15:09 | Crear | Villager (Male) |
| 15:16 | Construir | Farm |
| 15:24 | Crear | Militia |
| 15:37 | Crear | Villager (Male) |
| 15:40 | Construir | Farm |
| 15:47 | Construir | Farm |
| 15:49 | Crear | Villager (Male) |
| 16:09 | Crear | Militia |
| 16:21 | Construir | Farm |
| 16:24 | Construir | Farm |
| 16:40 | Investigar | Scale Mail Armor |
| 16:41 | Crear | Villager (Male) |
| 16:43 | Crear | Militia |
| 16:52 | Crear | Villager (Male) |
| 17:02 | Crear | Militia |
| 17:22 | Crear | Militia |
| 17:31 | Crear | Villager (Male) |
| 17:36 | Construir | House |
| 17:37 | Construir | House |
| 17:52 | Crear | Militia |
| 18:18 | Crear | Militia |
| 18:27 | Crear | Militia |
| 18:28 | Crear | Villager (Male) |
| 18:35 | Construir | House |
| 18:57 | Crear | Militia |
| 18:57 | Crear | Militia |
| 19:28 | Crear | Militia |
| 19:30 | Crear | Militia |
| 19:32 | Crear | Villager (Male) |
| 19:34 | Construir | House |
| 19:42 | Construir | Watch Tower |
| 19:53 | Investigar | Fletching |
| 20:03 | Construir | Watch Tower |
| 20:07 | Construir | House |
| 20:27 | Crear | Militia |
| 20:34 | Construir | Farm |
| 20:44 | Construir | Lumber Camp |
| 21:05 | Construir | Archery Range |
| 21:19 | Crear | Villager (Male) |
| 21:28 | Crear | Villager (Male) |
| 21:58 | Crear | Villager (Male) |
| 22:03 | Construir | Barracks |
| 23:04 | Investigar | Castle Age |
| 23:19 | Investigar | Stone Mining |
| 23:37 | Construir | Stable |
| 23:48 | Construir | House |
| 23:49 | Construir | House |
| 23:57 | Investigar | Scale Barding Armor |
| 24:20 | Construir | House |
| 24:26 | Investigar | Bloodlines |
| 24:43 | Crear | Villager (Male) |
| 24:43 | Crear | Villager (Male) |
| 25:01 | Construir | Mining Camp |
| 25:44 | Edad | Edad de los Castillos |
| 25:56 | Construir | Castle |
| 26:23 | Crear | Knight |
Build order — GarbanzoSantanderianopeek
Primeras 150 de 165 acciones detectadas
| 0:00 | Crear | Villager (Male) |
| 0:01 | Crear | Villager (Male) |
| 0:01 | Crear | Villager (Male) |
| 0:01 | Crear | Villager (Male) |
| 0:04 | Construir | House |
| 0:05 | Construir | House |
| 1:26 | Crear | Villager (Male) |
| 1:52 | Construir | Lumber Camp |
| 1:58 | Crear | Villager (Male) |
| 2:19 | Crear | Villager (Male) |
| 2:46 | Crear | Villager (Male) |
| 2:46 | Crear | Villager (Male) |
| 3:02 | Crear | Villager (Male) |
| 3:03 | Crear | Villager (Male) |
| 3:25 | Construir | House |
| 3:26 | Construir | House |
| 3:39 | Crear | Villager (Male) |
| 4:08 | Crear | Villager (Male) |
| 4:08 | Crear | Villager (Male) |
| 4:26 | Crear | Villager (Male) |
| 4:39 | Construir | Mill |
| 4:54 | Crear | Villager (Male) |
| 4:55 | Crear | Villager (Male) |
| 5:27 | Crear | Villager (Male) |
| 5:27 | Crear | Villager (Male) |
| 6:18 | Crear | Villager (Male) |
| 6:37 | Crear | Villager (Male) |
| 6:38 | Investigar | Loom |
| 7:43 | Investigar | Feudal Age |
| 7:43 | Investigar | Feudal Age |
| 8:11 | Construir | Mining Camp |
| 8:36 | Construir | Palisade Wall |
| 8:40 | Construir | House |
| 8:43 | Construir | Palisade Wall |
| 9:09 | Construir | Mining Camp |
| 9:53 | Edad | Edad Feudal |
| 9:59 | Investigar | Double-Bit Axe |
| 10:06 | Crear | Villager (Male) |
| 10:06 | Crear | Villager (Male) |
| 10:29 | Construir | Donjon |
| 10:37 | Crear | Villager (Male) |
| 10:38 | Crear | Villager (Male) |
| 11:18 | Construir | Farm |
| 11:31 | Construir | Farm |
| 11:35 | Construir | Farm |
| 11:36 | Construir | Farm |
| 11:38 | Construir | Farm |
| 11:40 | Crear | Villager (Male) |
| 11:41 | Crear | Villager (Male) |
| 11:50 | Crear | Serjeant |
| 11:50 | Crear | Serjeant |
| 12:01 | Construir | Donjon |
| 12:16 | Construir | Farm |
| 12:17 | Construir | Farm |
| 12:18 | Construir | Farm |
| 12:22 | Construir | Farm |
| 12:57 | Construir | Mining Camp |
| 12:59 | Crear | Villager (Male) |
| 12:59 | Crear | Villager (Male) |
| 12:59 | Crear | Villager (Male) |
| 12:59 | Crear | Villager (Male) |
| 13:26 | Construir | House |
| 13:30 | Construir | Palisade Wall |
| 13:37 | Construir | Mining Camp |
| 13:44 | Construir | Farm |
| 13:48 | Crear | Villager (Male) |
| 13:55 | Crear | Villager (Male) |
| 13:58 | Construir | Farm |
| 14:25 | Construir | Farm |
| 14:28 | Construir | House |
| 14:30 | Construir | House |
| 14:34 | Construir | Palisade Wall |
| 14:37 | Construir | House |
| 14:41 | Crear | Villager (Male) |
| 14:41 | Crear | Villager (Male) |
| 14:50 | Crear | Serjeant |
| 14:51 | Crear | Serjeant |
| 15:07 | Crear | Serjeant |
| 15:14 | Construir | Farm |
| 15:18 | Crear | Villager (Male) |
| 15:29 | Construir | Donjon |
| 15:36 | Crear | Serjeant |
| 15:45 | Construir | House |
| 15:49 | Construir | Palisade Wall |
| 15:55 | Construir | Farm |
| 16:07 | Crear | Villager (Male) |
| 16:38 | Crear | Villager (Male) |
| 16:39 | Crear | Villager (Male) |
| 16:47 | Construir | Lumber Camp |
| 16:50 | Construir | Farm |
| 17:21 | Construir | Blacksmith |
| 17:35 | Crear | Villager (Male) |
| 17:35 | Crear | Villager (Male) |
| 17:42 | Crear | Serjeant |
| 17:43 | Crear | Serjeant |
| 17:43 | Crear | Serjeant |
| 17:43 | Crear | Serjeant |
| 18:02 | Crear | Serjeant |
| 18:02 | Crear | Serjeant |
| 18:03 | Crear | Serjeant |
| 18:05 | Crear | Villager (Male) |
| 18:05 | Crear | Villager (Male) |
| 18:18 | Investigar | Scale Mail Armor |
| 18:33 | Crear | Serjeant |
| 18:33 | Crear | Serjeant |
| 18:34 | Crear | Serjeant |
| 18:44 | Construir | House |
| 18:46 | Investigar | Forging |
| 19:14 | Construir | House |
| 19:17 | Crear | Serjeant |
| 19:17 | Crear | Serjeant |
| 19:19 | Crear | Villager (Male) |
| 19:21 | Crear | Villager (Male) |
| 19:35 | Construir | Donjon |
| 19:55 | Construir | House |
| 19:59 | Construir | Market |
| 20:02 | Crear | Villager (Male) |
| 20:05 | Investigar | Town Watch |
| 20:46 | Crear | Serjeant |
| 20:46 | Crear | Serjeant |
| 20:50 | Crear | Villager (Male) |
| 20:50 | Crear | Villager (Male) |
| 20:54 | Construir | Farm |
| 20:54 | Construir | Farm |
| 20:55 | Construir | Farm |
| 20:55 | Construir | Farm |
| 21:02 | Construir | Farm |
| 21:03 | Construir | Farm |
| 21:05 | Crear | Villager (Male) |
| 21:46 | Construir | Farm |
| 21:49 | Construir | Farm |
| 21:58 | Crear | Villager (Male) |
| 22:26 | Crear | Villager (Male) |
| 22:56 | Crear | Villager (Male) |
| 23:16 | Investigar | Castle Age |
| 23:27 | Construir | Lumber Camp |
| 23:42 | Construir | House |
| 23:43 | Construir | House |
| 23:51 | Construir | Donjon |
| 23:53 | Investigar | Stone Mining |
| 23:54 | Investigar | Gold Mining |
| 24:00 | Investigar | Gold Mining |
| 24:05 | Investigar | Fletching |
| 24:20 | Crear | Serjeant |
| 24:20 | Crear | Serjeant |
| 24:22 | Crear | Serjeant |
| 24:22 | Crear | Serjeant |
| 24:51 | Crear | Villager (Male) |
| 24:51 | Crear | Villager (Male) |
| 24:55 | Investigar | Horse Collar |
Cronología de la partida
| 4:30 | agusgm · wall_segment Palisade Wall x4 |
| 8:36 | GarbanzoSantanderianopeek · wall_segment Palisade Wall x5 |
| 8:43 | GarbanzoSantanderianopeek · wall_segment Palisade Wall x5 |
| 9:08 | agusgm · first_building Barracks |
| 9:53 | GarbanzoSantanderianopeek · age_up feudal |
| 10:29 | GarbanzoSantanderianopeek · first_building Donjon |
| 10:34 | agusgm · age_up feudal |
| 13:30 | GarbanzoSantanderianopeek · wall_segment Palisade Wall x6 |
| 14:34 | GarbanzoSantanderianopeek · wall_segment Palisade Wall x3 |
| 15:07 | agusgm · wall_segment Palisade Wall x1 |
| 15:49 | GarbanzoSantanderianopeek · wall_segment Palisade Wall x3 |
| 21:05 | agusgm · first_building Archery Range |
| 23:12 | GarbanzoSantanderianopeek · first_market_buy 100 food |
| 23:37 | agusgm · first_building Stable |
| 25:39 | GarbanzoSantanderianopeek · first_building Barracks |
| 25:44 | agusgm · age_up castle |
| 25:56 | agusgm · first_building Castle |
| 26:09 | GarbanzoSantanderianopeek · age_up castle |
| 26:37 | GarbanzoSantanderianopeek · first_building Siege Workshop |
| 26:55 | agusgm · resign |
[ ANÁLISIS IA · 1 CRÉDITO ]
¿Qué pasó realmente en esta partida?
Wolo.gg analiza cada decisión: build order, eco, micro, errores típicos por bracket. Análisis personalizado por WhatsApp o Discord en 30 segundos.
Guía civ
Lituanos
Perfil
Jugador #960952